 Dungeon Crawl Stone Soup version 0.26-a0-52-gd53d4cd058 (webtiles) character file.

Game seed: 16873688283286102777

597891 bmfx the Cloud Mage (level 25, -1/173 HPs)
             Began as a Formicid Conjurer on June 5, 2020.
             Was the Champion of Ru.
             Slain by a quicksilver dragon (30 damage)
             ... on level 1 of the Realm of Zot on June 6, 2020.
             The game lasted 04:45:19 (105944 turns).

bmfx the Cloud Mage (Formicid Conjurer)           Turns: 105944, Time: 04:45:20

Health: -1/173     AC: 13    Str: 17    XL:     25
Magic:  51/51      EV: 15    Int: 38    God:    Ru [******]
Gold:   4752       SH: 26    Dex: 14    Spells: 1/54 levels left

rFire    + . .     SeeInvis +   a - +8 arc blade {discharge, rElec}
rCold    . . .     Gourm    .   x - +4 tower shield {AC+3}
rNeg     + . .     Faith    .   y - +2 robe of Autumn {rF+ rCorr Str+4 Int+3}
rPois    .         Spirit   .   (helmet unavailable)
rElec    +         Reflect  .   n - scarf {harm}
rCorr    +         Harm     .   g - +2 pair of gloves {Dex+3}
MR       ++...                  f - +2 pair of boots
Stlth    ..........             v - amulet "Seisk" {RegenMP Int+2 SInv}
HPRegen  0.38/turn              D - +6 ring of intelligence
MPRegen  0.57/turn              q - ring of Goatzohy {Wiz rN+ MP+9}

@: overwhelmed with horror, constricted, studying Dodging
A: permanent stasis, dig shafts and tunnels, four strong arms, antennae 3, frail
1, no stealth, cowardly, no necromancy magic, no poison magic, no summoning
magic, disrupted magic 1, inexperienced 1
}: 3/15 runes: barnacled, silver, gossamer
a: Dig, Shaft Self, Draw Out Power, Power Leap, Apocalypse, Renounce Religion


You were on level 1 of the Realm of Zot.
You worshipped Ru.
Ru was exalted by your worship.
You were not hungry.

You visited 12 branches of the dungeon, and saw 50 of its levels.
You visited the Abyss 1 time.
You visited 2 bazaars.
You also visited: Trove, Ice Cave and Wizlab.

You collected 10379 gold pieces.
You spent 5627 gold pieces at shops.


Innate Abilities, Weirdness & Mutations

You cannot be hasted, slowed, berserked, paralysed or teleported.
You can dig through walls and to a lower floor.
Your four strong arms can wield two-handed weapons with a shield.
You have a pair of large antennae on your head. (SInv)
You cannot be stealthy.
Your cowardice makes you less effective in combat with threatening monsters.
You cannot study or cast Necromancy magic.
You cannot study or cast Poison magic.
You cannot study or cast Summoning magic.
Your casting is slightly disrupted.
You are somewhat inexperienced. (-2 XL)
You are frail. (-10% HP)

Dungeon Overview and Level Annotations

Branches:
Dungeon (15/15)            Temple (1/1) D:6            Lair (6/6) D:10
 Shoals (4/4) Lair:2       Spider (4/4) Lair:4        Slime (0/5) Lair:6
    Orc (2/2) D:12            Elf (3/3) Orc:2        Vaults (5/5) D:14
  Crypt (3/3) Vaults:3       Tomb (0/3) Crypt:3      Depths (5/5) D:15
   Hell (visited)             Dis (0/7) Hell            Geh (0/7) Hell
    Coc (0/7) Hell            Tar (0/7) Hell            Zot (1/5) Depths:5
  IceCv (visited)          WizLab (visited)

Altars:
Ashenzari
Cheibriados
Dithmenos
Elyvilon
Fedhas
Gozag
Hepliaklqana
Kikubaaqudgha
Makhleb
Nemelex Xobeh
Okawaru
Qazlal
Ru
Sif Muna
Trog
Uskayaw
Vehumet
Wu Jian
Xom
Yredelemnul
Zin
The Shining One
Beogh

Shops:
D:7 [=[   D:13 }   Orc:1 [   Orc:2 =(!!   Elf:2 }(   Shoals:3 (

Portals:
Hell: Depths:1 Depths:2 Depths:3 Depths:4 Depths:5
Abyss: Depths:1 Depths:2 Depths:3 Depths:4
Pandemonium: Depths:3
Ziggurat: Depths:5

Annotations:
Elf:1 6 runed translucent doors, Roxanne


   Skills:
 - Level 14.6 Fighting
 - Level 10.0 Short Blades
 + Level 9.1 Dodging
 - Level 20.0 Shields
 + Level 15.0 Spellcasting
 - Level 19.2 Conjurations
   Level 4.0 Hexes
 - Level 9.3 Fire Magic
 - Level 22.6 Air Magic
 - Level 15.0 Evocations


You had one spell level left.
You knew the following spells:

 Your Spells              Type           Power        Failure   Level  Hunger
a - Apportation           Tloc           #.....       1%          1    None
o - Orb of Destruction    Conj           #####.....   1%          7    ####...
A - Chain Lightning       Conj/Air       #####.....   1%          8    #####..
B - Freezing Cloud        Conj/Ice/Air   ####......   1%          6    None
C - Tornado               Air            #####.....   7%          9    #######
D - Iskenderun's Mystic   Conj/Tloc      ###.....     1%          4    None
E - Fireball              Conj/Fire      ####......   1%          5    None
F - Sticky Flame          Conj/Fire      ####....     1%          4    None
G - Airstrike             Air            #####.....   1%          4    None
H - Lightning Bolt        Conj/Air       #####.....   1%          5    None

Your spell library contained the following spells:

 Spells                   Type           Power        Failure   Level  Hunger
 Corona                   Hex            ##.....      1%          1    None
 Foxfire                  Conj/Fire      ####         1%          1    None
 Freeze                   Ice            #...         1%          1    None
 Infusion                 Chrm           #...         1%          1    None
 Magic Dart               Conj           ####         1%          1    None
 Sandblast                Erth           #.....       1%          1    None
 Shock                    Conj/Air       ####         1%          1    None
 Ensorcelled Hibernation  Hex/Ice        #.....       1%          2    None
 Passwall                 Tmut/Erth      #.......     1%          2    None
 Searing Ray              Conj           #####.       1%          2    None
 Shroud of Golubria       Chrm/Tloc      #.....       1%          2    None
 Slow                     Hex            ##......     1%          2    None
 Song of Slaying          Chrm           #.......     1%          2    None
 Confusing Touch          Hex            ##......     1%          3    None
 Conjure Flame            Conj/Fire      ####....     1%          3    None
 Dazzling Flash           Conj/Hex       ####..       1%          3    None
 Inner Flame              Hex/Fire       ###.....     1%          3    None
 Spectral Weapon          Hex/Chrm       #.......     1%          3    None
 Static Discharge         Conj/Air       #####...     1%          3    None
 Stone Arrow              Conj/Erth      ###...       1%          3    None
 Tukima's Dance           Hex            ##......     1%          3    None
 Cause Fear               Hex            ##........   1%          4    None
 Fulminant Prism          Conj/Hex       ####......   1%          4    None
 Bolt of Magma            Conj/Fire/Erth ###.......   1%          5    None
 Irradiate                Conj/Tmut      ###.......   1%          5    None
 Iskenderun's Battlesphe  Conj/Chrm      ###.....     1%          5    None
 Silence                  Hex/Air        ####......   1%          5    None
 Conjure Ball Lightning   Conj/Air       #####.....   1%          6    None
 Starburst                Conj/Fire      ####......   1%          6    None
 Gell's Gravitas          Tloc           #.........   2%          3    None
 Lesser Beckoning         Tloc           #.........   2%          3    None
 Ozocubu's Armour         Chrm/Ice       #.......     2%          3    None
 Teleport Other           Tloc           #.......     2%          3    None
 Iron Shot                Conj/Erth      ###.......   2%          6    None
 Leda's Liquefaction      Hex/Erth       #.........   3%          4    None
 Passage of Golubria      Tloc           N/A          7%          4    None
 Petrify                  Tmut/Erth      #.......     7%          4    None
 Metabolic Englaciation   Hex/Ice        #.........   9%          5    None
 Yara's Violent Unravell  Hex/Tmut       #.........   9%          5    None
 Lee's Rapid Deconstruct  Erth           #.........   17%         5    None
 Darkness                 Hex            ##........   19%         6    None
 Invisibility             Hex            ##......     19%         6    None
 Ring of Flames           Chrm/Fire      ##........   56%         7    ####...
 Lehudib's Crystal Spear  Conj/Erth      ###.......   56%         8    #####..
 Ignition                 Fire           ###.......   58%         8    #####..
 Hydra Form               Tmut           #.........   63%         6    None
 Statue Form              Tmut/Erth      #........    63%         6    None
 Fire Storm               Conj/Fire      ####......   82%         9    #######
 Dragon Form              Tmut           #.........   98%         7    ####...
 Discord                  Hex            ##........   99%         8    #####..
 Absolute Zero            Ice            #.........   100%        9    #######
 Animate Skeleton         Necr           Unusable     N/A         1    N/A
 Pain                     Necr           Unusable     N/A         1    N/A
 Sting                    Tmut/Pois      Unusable     N/A         1    N/A
 Summon Butterflies       Summ           Unusable     N/A         1    N/A
 Summon Small Mammal      Summ           Unusable     N/A         1    N/A
 Blink                    Tloc           Unusable     N/A         2    N/A
 Call Imp                 Summ           Unusable     N/A         2    N/A
 Corpse Rot               Necr/Air       Unusable     N/A         2    N/A
 Poisonous Vapours        Pois/Air       Unusable     N/A         2    N/A
 Swiftness                Chrm/Air       Unusable     N/A         2    N/A
 Ignite Poison            Fire/Tmut/Pois Unusable     N/A         3    N/A
 Mephitic Cloud           Conj/Pois/Air  Unusable     N/A         3    N/A
 Summon Guardian Golem    Hex/Summ       Unusable     N/A         3    N/A
 Summon Lightning Spire   Summ/Air       Unusable     N/A         4    N/A
 Call Canine Familiar     Summ           Unusable     N/A         3    N/A
 Recall                   Summ/Tloc      Unusable     N/A         3    N/A
 Vampiric Draining        Necr           Unusable     N/A         3    N/A
 Animate Dead             Necr           Unusable     N/A         4    N/A
 Dispel Undead            Necr           Unusable     N/A         4    N/A
 Olgreb's Toxic Radiance  Pois           Unusable     N/A         4    N/A
 Summon Ice Beast         Ice/Summ       Unusable     N/A         4    N/A
 Summon Mana Viper        Hex/Summ       Unusable     N/A         5    N/A
 Spellforged Servitor     Conj/Summ      Unusable     N/A         7    N/A
 Agony                    Necr           Unusable     N/A         5    N/A
 Borgnjor's Vile Clutch   Necr/Erth      Unusable     N/A         5    N/A
 Summon Forest            Summ/Tloc      Unusable     N/A         5    N/A
 Death Channel            Necr           Unusable     N/A         6    N/A
 Eringya's Noxious Bog    Tmut/Pois      Unusable     N/A         6    N/A
 Shadow Creatures         Summ           Unusable     N/A         6    N/A
 Simulacrum               Ice/Necr       Unusable     N/A         6    N/A
 Haunt                    Necr/Summ      Unusable     N/A         7    N/A
 Summon Hydra             Summ           Unusable     N/A         7    N/A

Action                   |  1- 3 |  4- 6 |  7- 9 | 10-12 | 13-15 | 16-18 | 19-21 | 22-24 | 25-27 || total
-------------------------+-------+-------+-------+-------+-------+-------+-------+-------+-------++-------
Melee: Spear             |       |     1 |     9 |       |       |       |       |       |       ||    10
       Dagger            |       |       |       |    38 |    99 |       |       |       |       ||   137
       Rapier            |       |       |       |     3 |    61 |   564 |    42 |    32 |    73 ||   775
       Staff             |       |       |       |       |       |     4 |       |       |       ||     4
Throw: Dart              |       |       |     5 |       |       |     8 |       |       |       ||    13
 Cast: Magic Dart        |    47 |    42 |    76 |   104 |    87 |    11 |       |       |       ||   367
       Searing Ray       |    12 |    22 |    77 |   116 |    83 |     5 |       |       |       ||   315
       Fulminant Prism   |       |       |     2 |    26 |    87 |     5 |       |       |       ||   120
       Fireball          |       |       |       |       |   254 |   293 |   450 |   266 |   619 ||  1882
       Sticky Flame      |       |       |       |       |       |    50 |    45 |    26 |    21 ||   142
       Airstrike         |       |       |       |       |       |    56 |    88 |    45 |   172 ||   361
       Lightning Bolt    |       |       |       |       |       |       |     1 |     6 |    13 ||    20
       Orb of Destructio |       |       |       |       |       |       |    45 |    55 |   110 ||   210
       Tornado           |       |       |       |       |       |       |       |       |    14 ||    14
       Chain Lightning   |       |       |       |       |       |       |       |       |     6 ||     6
       Apportation       |       |       |       |       |       |       |       |       |     2 ||     2
       Iskenderun's Myst |       |       |       |       |       |       |       |       |     2 ||     2
       Freezing Cloud    |       |       |       |       |       |       |       |       |     1 ||     1
Invok: Sacrifice Experie |       |       |     1 |       |       |       |       |       |       ||     1
       Sacrifice Arcana  |       |       |       |     1 |       |       |       |       |       ||     1
       Reject Sacrifices |       |       |       |     1 |     1 |       |       |       |       ||     2
       Sacrifice Stealth |       |       |       |       |     1 |       |       |       |       ||     1
       Apocalypse        |       |       |       |       |    10 |     9 |     7 |     3 |    16 ||    45
       Sacrifice Courage |       |       |       |       |     1 |       |       |       |       ||     1
       Sacrifice Essence |       |       |       |       |     1 |       |       |       |       ||     1
       Power Leap        |       |       |       |       |       |       |     1 |       |       ||     1
 Abil: Dig               |       |     1 |     4 |     8 |     6 |    16 |     2 |     6 |     8 ||    51
       Evoke Invisibilit |       |       |       |       |     1 |       |     5 |       |       ||     6
       Shaft Self        |       |       |       |       |       |       |       |     1 |     2 ||     3
Evoke: Wand              |       |       |     3 |    24 |    14 |    18 |     1 |    13 |     5 ||    78
       Lightning rod     |       |       |       |       |     6 |    10 |     7 |    20 |    17 ||    60
       Box of beasts     |       |       |       |       |     1 |     2 |       |       |       ||     3
       Phial of floods   |       |       |       |       |       |     1 |       |       |       ||     1
       Tin of tremorston |       |       |       |       |       |       |       |     1 |     2 ||     3
       Staff of energy   |       |       |       |       |       |       |       |       |    82 ||    82
       Staff of Wucad Mu |       |       |       |       |       |       |       |       |    10 ||    10
  Use: Scroll            |       |     8 |     4 |    10 |    10 |     8 |    12 |     4 |    13 ||    69
       Potion            |       |       |       |       |     5 |     5 |    11 |     3 |     9 ||    33
 Stab: Sleeping          |       |       |       |     1 |       |       |       |       |       ||     1
       Distracted        |       |       |       |       |     1 |     2 |       |       |       ||     3
       Paralysed         |       |       |       |       |    13 |     6 |     2 |       |       ||    21
       Invisible         |       |       |       |       |     1 |     5 |     3 |       |       ||     9
  Eat: Chunk             |     4 |     8 |    11 |    21 |    42 |    33 |    22 |    19 |    37 ||   197
       Ration            |       |       |     1 |     3 |    15 |    11 |    13 |     9 |    23 ||    75
Armor: Robe              |     1 |     7 |     3 |    63 |    60 |   118 |    33 |    14 |    36 ||   335
       Ring mail         |       |       |    13 |     3 |       |       |       |       |       ||    16
       Skin              |       |       |       |       |    26 |     7 |       |       |     1 ||    34
Dodge: Dodged            |     4 |    20 |    54 |   164 |   141 |   291 |   122 |    60 |   118 ||   974
Block: Kite shield       |       |       |       |       |   114 |   317 |    81 |       |       ||   512
       Tower shield      |       |       |       |       |       |       |    30 |   166 |   321 ||   517

Skill      XL: |  1  2  3  4  5  6  7  8  9 10 11 12 13 14 15 16 17 18 19 20 21 22 23 24 25 |
---------------+----------------------------------------------------------------------------+-----
Conjurations   | 4 5 7 8 9 10 11 12 14 15 16 19 | 19.2
Spellcasting   | 3 4 6 8 10 11 12 15 | 15.0
Hexes          | 1 3 4 |  4.0
Evocations     | 6 8 9 10 12 14 15 | 15.0
Fighting       | 1 5 7 10 11 14 | 14.6
Dodging        | 4 8 9 |  9.1
Shields        | 9 10 11 16 18 20 | 20.0
Stealth        | 0 |  0.0
Fire Magic     | 3 8 9 |  9.3
Short Blades   | 2 8 10 | 10.0
Air Magic      | 7 8 9 10 12 22 | 22.6

Inventory:

Hand Weapons
 a - the +8 arc blade (weapon) {discharge, rElec}
   (You took it off a centaur on level 13 of the Dungeon)

   It insulates you from electricity.
 b - the +9 staff of Wucad Mu {channel}
   (You found it in a wizard's laboratory)
Missiles
 i - 7 throwing nets (quivered) {!f}
Armour
 f - a +2 pair of boots (worn)
 g - a +2 pair of gloves of dexterity (worn)
 n - a scarf of harm (worn)
 x - a +4 tower shield of protection (worn)
 y - the +2 robe of Autumn (worn) {rF+ rCorr Str+4 Int+3}
   (You bought it in a shop on level 7 of the Dungeon)

   It affects your strength (+4).
   It affects your intelligence (+3).
   It protects you from fire.
   It provides partial protection from all sources of acid and corrosion.
Magical Staves
 d - an uncursed staff of wizardry {!a}
 w - an uncursed staff of conjuration {!a}
 U - an uncursed staff of energy {!a}
Jewellery
 q - the ring of Goatzohy (right hand) {Wiz rN+ MP+9}
   (You found it on level 4 of the Vaults)

   [ring of wizardry]

   It improves your spell success rate.
   It protects you from negative energy.
   It affects your magic capacity (+9).
 s - an uncursed ring of protection from magic
 v - the amulet "Seisk" (around neck) {RegenMP Int+2 SInv}
   (You took it off a skeletal warrior on level 1 of the Crypt)

   [amulet of magic regeneration]

   It increases your magic regeneration.
   It affects your intelligence (+2).
   It lets you see invisible.
 D - a +6 ring of intelligence (left hand)
 E - the amulet "Qeuhet Zaty" {Acrobat rF+ rN+}
   (You found it on level 5 of the Vaults)

   [amulet of the acrobat]

   It helps you evade while moving and waiting.
   It protects you from fire.
   It protects you from negative energy.
 G - an uncursed ring of protection from fire
 H - the ring of Xom's Wantonness {rPois rC+ MR- Int+4}
   (You bought it in a shop on level 2 of the Orcish Mines)

   [ring of protection from cold]

   It affects your intelligence (+4).
   It protects you from cold.
   It protects you from poison.
   It affects your resistance to hostile enchantments.
 Q - an uncursed amulet of guardian spirit
 R - the amulet of Vitality {Regen+ HP+15}
   (You bought it in a shop on level 2 of the Orcish Mines)

   [amulet of regeneration]

   It affects your health (+15).
   It increases your rate of regeneration.
 X - the ring of Shadows {Umbra +Inv Stlth+}
   (You took it off a deep elf demonologist on level 3 of the Elven Halls)

   [ring of stealth]

   It lets you turn invisible.
   It makes you more stealthy.
Wands
 o - a wand of iceblast (16)
 C - a wand of polymorph (32)
 L - a wand of clouds (5)
 T - a wand of acid (27)
 V - a wand of paralysis (30)
 Y - a wand of enslavement (27)
Scrolls
 k - 2 scrolls of summoning
 l - 3 scrolls of fear
 p - 22 scrolls of remove curse {@r4}
 r - 7 scrolls of magic mapping
 K - 13 scrolls of identify {@r3}
 N - 2 scrolls of immolation
 P - a scroll of silence
 S - 5 scrolls of fog
 Z - 2 scrolls of holy word
Potions
 e - 4 potions of heal wounds {@q1}
 m - 8 potions of curing {@q2}
 t - 3 potions of magic
 u - 8 potions of brilliance
 z - 5 potions of flight
 B - 7 potions of might
 I - 4 potions of cancellation
 J - 2 potions of resistance
 O - 3 potions of ambrosia
 W - 2 potions of invisibility
Books
 F - a manual of Dodging
Miscellaneous
 h - a tin of tremorstones (3/3)
 j - 6 boxes of beasts
 A - a lightning rod (4/4)
 M - a phial of floods
Comestibles
 c - 34 rations

..#######
........#######
.q..........○.##
...........z....
................
#....XD...D....
#..dXXXy.X....
#..zz@≈y≈>....
.....D*zD8D≈....
.....X.yy≈≈y....
....q....≈>X....
.#....^.........
.^..............
................
.........D.....


You could see an orb of fire, 7 tentacled monstrosities, a purple draconian
monk, 2 golden dragons, a storm dragon (berserk), a green draconian, a curse
toe, 3 death cobs, 3 quicksilver dragons, a yellow draconian annihilator and 5
moths of wrath.

Vanquished Creatures
  Mara (Shoals:4)
  An ancient lich (Crypt:3)
  Boris (Depths:4)
  Geryon (Hell)
  4 caustic shrikes (Depths:4)
  4 golden dragons
  Nikola (Shoals:1)
  Jory (Depths:3)
  3 bone dragons
  Rupert (D:14)
  Jorgrun (Shoals:1)
  Asterion (Depths:3)
  3 deep elf blademasters
  7 liches
  6 tentacled monstrosities
  4 titans
  A tentacled starspawn (Abyss:2)
  2 deep elf master archers (Elf:3)
  A kraken (Shoals:1)
  3 ancient champions (Crypt:2)
  2 sphinxes
  Agnes (Spider:3)
  6 shadow dragons
  5 storm dragons
  4 revenants
  Kirke (D:15)
  6 tengu reavers
  A draconian monk (Depths:5)
  Donald (Elf:2)
  6 ghost moths
  14 fire giants
  3 balrugs (Hell)
  4 iron dragons
  6 deep elf sorcerers
  20 vault wardens
  Louise (Shoals:4)
  A cacodemon (Hell)
  15 frost giants
  2 curse skulls
  Aizul (Shoals:1)
  A draconian stormcaller (Depths:5)
  5 deep elf elementalists
  4 ghouls
  3 reapers
  4 ironheart preservers
  19 very ugly things
  25 stone giants
  8 vampire knights
  2 entropy weavers
  6 war gargoyles
  2 black draconians (Depths:5)
  A lorocyproca (Hell)
  5 deep elf demonologists
  8 deep elf annihilators
  A green draconian (Depths:5)
  Azrael (D:12)
  2 purple draconians (Depths:5)
  16 spark wasps
  A white draconian (Depths:5)
  2 blizzard demons (Hell)
  9 deep elf death magi
  5 merfolk javelineers
  6 ettins
  5 eidola
  Josephine (D:12)
  12 fire dragons
  7 jiangshi
  A mummy priest (Crypt:3)
  15 yaktaur captains
  8 deep elf high priests
  A fire dragon (shapeshifter) (Depths:3)
  Erolcha (D:12)
  8 ice dragons
  12 merfolk impalers
  30 vault guards
  The ghost of bmj180 the Destroyer, a journeyman DrCj of Vehumet (D:9)
  13 great orbs of eyes
  A catoblepas (Lair:6)
  6 hydras
  A spriggan air mage (Depths:3)
  5 rakshasas
  4 merfolk aquamancers (Shoals:4)
  An alligator snapping turtle (shapeshifter) (Depths:5)
  2 alligator snapping turtles
  4 satyrs
  A merfolk avatar (Shoals:4)
  19 two-headed ogres
  11 centaur warriors
  5 deep troll shamans
  23 dancing weapons
  4 death yaks (Lair:4)
  A queen ant (Lair:3)
  5 tengu warriors
  7 death knights
  5 ogre magi
  2 spriggan berserkers
  6 vampire magi
  8 deep troll earth magi
  2 iron golems (Hell)
  An orc high priest (Elf:2)
  12 deep elf knights
  3 storm dragon zombies
  Urug (Lair:1)
  A fire crab (shapeshifter) (Vaults:4)
  26 hell knights
  44 skeletal warriors
  12 sun demons
  4 soul eaters
  3 salamander mystics
  11 small abominations
  6 shadow wraiths
  13 sea snakes
  2 anaconda zombies
  A sea snake (shapeshifter) (Vaults:4)
  7 glowing orange brains
  A golden dragon zombie (Crypt:2)
  6 unseen horrors
  6 flayed ghosts
  A sixfirhy (D:13)
  9 large abominations
  A ghost moth zombie (Crypt:1)
  8 deep elf archers
  22 deep trolls
  5 wizards
  2 orange crystal statues
  11 ironbrand convokers
  15 phantasmal warriors
  12 orc knights
  A golden dragon skeleton (Crypt:2)
  17 harpies
  17 necromancers
  A shadow dragon skeleton (Crypt:2)
  2 oklob plants (Lair:2)
  Pikel (D:7)
  A harpy (shapeshifter) (Vaults:4)
  25 deep elf magi
  An anaconda skeleton (Hell)
  A salamander (shapeshifter) (Vaults:4)
  44 ugly things
  13 orb spiders
  16 fauns
  A mana viper (Abyss:2)
  11 cyclopes
  7 salamanders
  4 orc sorcerers
  24 wolf spiders
  3 iron dragon skeletons
  A guardian serpent (Lair:6)
  2 cyclopes (shapeshifter)
  3 fire giant zombies
  12 manticores
  9 fire giant skeletons
  A frost giant skeleton (Vaults:3)
  A black mamba (shapeshifter) (Vaults:2)
  9 elephants
  A dire elephant zombie (Crypt:3)
  6 black mambas
  3 stone giant skeletons
  3 ice statues
  6 merfolk sirens
  A moth of wrath (Spider:4)
  A water nymph (shapeshifter) (Vaults:5)
  2 shock serpent skeletons (Crypt:2)
  19 vault sentinels
  8 rust devils (Hell)
  2 apocalypse crabs (Abyss:2)
  4 water nymphs
  An emperor scorpion zombie (Crypt:2)
  3 smoke demons (Abyss:2)
  A torpor snail (shapeshifter) (Depths:4)
  A white draconian zombie (Crypt:1)
  A dire elephant skeleton (Crypt:3)
  4 gargoyles (Crypt:3)
  12 spiny frogs
  4 komodo dragons
  A grey draconian zombie (Crypt:2)
  2 torpor snails
  4 orange demons
  A yaktaur zombie (Vaults:3)
  10 demonic crawlers
  2 kobold demonologists
  2 yaktaurs (shapeshifter)
  2 efreet (Abyss:2)
  10 freezing wraiths
  72 yaktaurs
  A guardian mummy (Depths:1)
  A hydra zombie (Hell)
  4 ice devils
  3 ancient zymes (Abyss:2)
  4 tengu conjurers
  A harpy zombie (Crypt:3)
  10 trolls
  A queen bee (shapeshifter) (Vaults:4)
  3 red devils
  3 yaktaur skeletons
  4 wind drakes
  A jumping spider (shapeshifter) (Depths:4)
  32 jumping spiders
  14 polar bears
  36 merfolk
  3 alligator zombies (Hell)
  14 slime creatures
  Prince Ribbit (D:8)
  4 raiju (D:13)
  13 blink frogs
  8 hornets
  11 dream sheep
  A raiju (shapeshifter) (Vaults:5)
  A harpy skeleton (Crypt:2)
  A tarantella zombie (Crypt:1)
  A deep troll zombie (Depths:1)
  14 hippogriffs
  3 hydra skeletons
  2 snapping turtles (shapeshifter)
  9 snapping turtles
  A fire dragon zombie (Crypt:3)
  2 hippogriffs (shapeshifter)
  15 water elementals
  49 redbacks
  Sigmund (D:2)
  4 shadows
  13 tarantellas
  10 wyverns
  11 flying skulls
  2 redbacks (shapeshifter)
  20 wraiths
  7 vampires
  A ynoxinul (Depths:3)
  A black mamba zombie (Crypt:3)
  9 fire dragon skeletons (Crypt:3)
  A deep troll skeleton (Depths:1)
  A fire bat (D:8)
  A tarantella (shapeshifter) (Vaults:3)
  Eustachio (D:5)
  8 hogs
  An ettin skeleton (Crypt:2)
  58 yaks
  8 fire elementals
  7 basilisks
  A chaos spawn (Abyss:2)
  5 vampire mosquitoes (D:15)
  A basilisk (shapeshifter) (Vaults:2)
  9 humans
  5 neqoxecs
  7 hungry ghosts
  A yaktaur simulacrum (Vaults:2)
  2 steam dragons
  3 wargs
  8 soldier ants
  2 acid dragons
  A spiny frog zombie (Hell)
  2 floating eyes
  22 water moccasins
  2 hydra simulacra
  A merfolk skeleton (Crypt:1)
  An orb spider zombie (Crypt:2)
  6 hell hounds
  A black bear (D:13)
  An ice beast (shapeshifter) (Vaults:5)
  A swamp dragon zombie (Crypt:2)
  2 spiny frog skeletons
  A torturous demonspawn skeleton (Crypt:2)
  8 porcupines
  2 snapping turtle zombies (Crypt:3)
  3 ettin simulacra
  A phantom (D:7)
  52 orc warriors
  An eye of draining (shapeshifter) (Depths:3)
  5 ice beasts
  6 sky beasts
  A swamp drake (D:12)
  An orc zombie (Vaults:1)
  2 necrophages (Crypt:1)
  10 boggarts
  14 ogres
  36 wolves
  37 centaurs
  A big kobold (shapeshifter) (Vaults:4)
  12 crocodiles
  A human skeleton (Vaults:1)
  4 big kobolds
  20 bullfrogs
  A fire crab zombie (Crypt:1)
  A gnoll sergeant (D:8)
  4 earth elementals
  2 wyvern zombies
  A wyvern skeleton (Crypt:2)
  9 scorpions
  2 human simulacra
  A killer bee (shapeshifter) (Depths:5)
  23 killer bees
  A snapping turtle simulacrum (Crypt:2)
  4 wights (D:7)
  5 electric eels
  4 howler monkeys
  A vampire bat (Orc:2)
  6 crimson imps
  2 bullfrog zombies
  2 quasits
  A centaur zombie (D:12)
  2 bullfrog skeletons
  6 hounds
  2 jellies
  3 centaur skeletons
  13 orc priests
  23 orc wizards
  Ijyb (D:4)
  4 iguanas
  25 worker ants
  9 hell rats
  A felid skeleton (Crypt:1)
  A hound skeleton (D:4)
  2 howler monkey zombies (D:7)
  2 worker ant zombies
  4 gnolls (D:8)
  17 adders
  2 shadow imps
  A white imp (Depths:2)
  An ufetubus (Abyss:2)
  2 oozes
  2 adder zombies
  A halfling zombie (Crypt:2)
  5 worms
  2 dart slugs
  2 leopard geckos
  98 orcs
  8 giant cockroaches
  5 goblins
  9 hobgoblins
  10 jackals
  12 kobolds
  12 quokkas
  A ball python (D:1)
  18 bats
  9 frilled lizards
  A kobold zombie (Crypt:2)
  A quokka zombie (D:5)
  4 rats
  2 bushes (Lair:6)
  A butterfly (Lair:1)
  3 crawling corpses (Elf:3)
  14 fungi
  A lurking horror (Abyss:2)
  74 plants
  4 tentacles (Shoals:1)
  A withered plant (Crypt:3)
2413 creatures vanquished.

Vanquished Creatures (collateral kills)
  A vault guard (D:14)
  A tengu warrior (D:14)
  A wolf spider (Spider:1)
  A demonic crawler (Spider:1)
  3 jumping spiders (Spider:1)
  A tengu conjurer (D:14)
  2 centaurs (D:14)
10 creatures vanquished.

Vanquished Creatures (others)
  Boris (Depths:3)
  2 very ugly things
  A deep elf demonologist (Elf:3)
  An ettin (Vaults:5)
  A yaktaur captain (Depths:5)
  A vault guard (D:14)
  A two-headed ogre (Depths:1)
  A deep troll shaman (Depths:1)
  2 deep elf archers (Elf:1)
  4 deep elf magi
  A faun (Shoals:4)
  A demonic crawler (Spider:1)
  A yaktaur (Depths:3)
  A small abomination (Elf:3)
  A troll (D:9)
  A blink frog (Lair:6)
  A snapping turtle (Shoals:3)
  An air elemental (Elf:3)
  A wyvern (Lair:6)
  2 water elementals
  2 humans
  A hell hound (Hell)
  4 slaves (D:7)
  A wolf (IceCv)
  A bullfrog zombie (D:7)
  An orc priest (Vaults:5)
  An orc wizard (D:12)
  2 orcs
  2 giant cockroaches (D:7)
  A bush (Lair:5)
  120 fulminant prisms
  40 fungi
  61 plants
  2 starspawn tentacles (Abyss:2)
  6 withered plants (Crypt:3)
271 creatures vanquished.

Grand Total: 2694 creatures vanquished

Levels and vault maps discovered:
D:1:      lightli_arrival_boilingwater, layout_basic
D:2:      layout_rooms, first_ration, uniq_sigmund
D:3:      layout_loops_cross, lemuel_doored_altar
D:4:      layout_loops_ring, minmay_manual_mess, uniq_ijyb
D:5:      layout_basic, marbit_many_paths, gammafunk_temple_overflow_elements,
          basic_altar, okawaru_ov_weapons_minmay, uniq_eustachio
D:6:      layout_rooms, lemuel_crystal_altar,
          minmay_temple_entry_statues_fountains
D:7:      layout_cave_pools, grunt_gozag_breadcrumbs, serial_shops, shop,
          nicolae_shop_waterfront, shop_statue, shop, grunt_livestock,
          uniq_pikel
D:8:      layout_loops_corners, serial_bayou_pond_b, kennysheep_small_square,
          uniq_prince_ribbit1
D:9:      layout_basic, ebering_ghost_gozag
D:10:     layout_stronghold, lair_entry_dummy
D:11:     layout_basic, portal_ice_cave_entry_pillars_1, solitary_fountain
D:12:     layout_loops_ring, erik_orc_1, minmay_misc_feat_x, uniq_erolcha,
          uniq_josephine, uniq_azrael
D:13:     minmay_shoctagon, layout_basic, serial_shops, shop,
          kennysheep_generic_room_16
D:14:     layout_basic, ximxim_vaults_locker_room, cheibriados_altar_1,
          feat_on_display, uniq_rupert
D:15:     hangedman_depths_entry_try_elsewhere_first, layout_basic,
          item_on_display_a, uniq_kirke
Temple:   kb_temple_of_zot
Lair:1:   layout_concentric_octagons, basic_altar, grunt_megastairs_2,
          lemuel_fruit_fields, uniq_urug
Lair:2:   layout_loops_ring, shoals_dummy_entry,
          eino_small_chamber_without_monster, minmay_lair_oklob_chamber
Lair:3:   layout_long_grid, st_stairs_5, minmay_another_anthill
Lair:4:   layout_misc_corridors, nicolae_spider_entry_orb_guardian,
          grunt_megastairs_1, serial_bayou_shore_b
Lair:5:   layout_small_grid, minivault_19, kilobyte_rumbling_trees
Lair:6:   hangedman_lair_tendril_chambers, layout_cave_pods,
          dpeg_slime_entry_corner
Shoals:1: layout_shoals, uniq_nikola, uniq_jorgrun, uniq_aizul
Shoals:2: layout_shoals, lemuel_altar_in_water
Shoals:3: layout_shoals, serial_shops, shop
Shoals:4: shoals_end_simple, layout_shoals, nicolae_shoals_dead_sea_scrolls,
          uniq_mara, uniq_louise
Spider:1: layout_spider_delve
Spider:2: layout_spider_delve
Spider:3: layout_spider_delve, uniq_agnes
Spider:4: spider_rune_water
Orc:1:    layout_caves, basic_altar, serial_shops, shop
Orc:2:    st_orc_rangers, layout_diamond_mine, roderic_batcave
Elf:1:    layout_rooms, serial_shops, freezing_bzr, orc_legates,
          feat_on_display, uniq_roxanne
Elf:2:    layout_loops_corners, serial_shops, shop, shop, shop, uniq_donald
Elf:3:    elf_hall, layout_geoelf_grid, hangedman_elf_simple_split
Vaults:1: vaults_room_pools, hangedman_vaults_slice,
          ontoclasm_vaults_decontamination, nicolae_vaults_little_squares_2,
          nicolae_vaults_quadrants, v_misc_12, ontoclasm_vaults_idyll,
          nicolae_vaults_mini_display_case, v_alt_pattern_1,
          nicolae_vaults_border_crossing, nicolae_vaults_gold_heap,
          layout_vaults_omnicross
Vaults:2: ontoclasm_vaults_shuriken, nicolae_vaults_shelves_hall,
          nicolae_vaults_ring_of_whatevers, hangedman_vaults_capsules,
          hangedman_vaults_corner_blocks, nicolae_vaults_what_the_h,
          ontoclasm_vaults_gateway, v_misc_30, ontoclasm_vaults_twist,
          ontoclasm_vaults_spin, layout_vaults_ring
Vaults:3: minmay_crypt_entry_nasty_monster, hangedman_vaults_nodes,
          vaults_room_ringed_pool, nicolae_vaults_network_star,
          hangedman_vaults_cutoff, nicolae_vaults_ring_of_whatevers,
          vaults_mumra_chevron, layout_vaults_omnigrid
Vaults:4: vaults_standard_mumra_enter_the_diamond, vaults_standard_mumra_lines,
          hangedman_vaults_stagger, v_misc_33, nicolae_vaults_yaktaur_gun_rack,
          st_hourglassy, vaults_dpeg_diagonal, nicolae_vaults_little_squares_6,
          v_misc_5, nicolae_vaults_asterisk, layout_vaults_omnibox,
          serial_shops, bzr_entry_islet
Vaults:5
Crypt:1:  layout_gridlike
Crypt:2:  layout_catacombs, st_stairs_4, evilmike_ambush
          [evilmike_ambush_outer_corners, evilmike_ambush_inner_pond]
Crypt:3:  quadcrypt_mu
Depths:1: layout_basic, tso_metal_star, hell_entry, minmay_room_of_horrors,
          nicolae_trove_entry_path_of_doom, minivault_16, hex_large,
          minmay_holes, minmay_checkered_concentric_circles
Depths:2: kennysheep_spiral_hall, layout_basic, marbit_kobold_abyss_entry,
          mu_enter_wizlab_7, hangedman_coc_ice_floe, grunt_ministairs_6
Depths:3: minmay_strange_plus, layout_cave_pools, rand_demon_pan_entry_5,
          hangedman_abyss_entry_splay, hell_entry, nicolae_water_bricks,
          uniq_boris, uniq_asterion, uniq_jory
Depths:4: cheibrodos_spurs, layout_cave_shapes, chequers_serial_rivers_small_3,
          grunt_hell_entry_dis_mu, abyss_entry, hangedman_abyss_or_decor_passed,
          hangedman_corner_corridor, infiniplex_staircase_trident
Depths:5: grunt_zot_entry_tricorne, layout_cave_pools, enter_ziggurat_b,
          hell_entry, serial_bayou_lagoon_a, lightli_corner_chamber
Hell
Zot:1:    grunt_deathspiral_small, layout_onion_interference, evilmike_ambush
          [evilmike_ambush_outer_basic, evilmike_ambush_inner_pond]


Message History

* * * LOW HITPOINT WARNING * * *
The death cob drains your vigour!
Your stasis prevents you from being slowed.
The tentacled monstrosity tentacle-slaps you.
* * * LOW HITPOINT WARNING * * *
The tentacled monstrosity barely misses you.
The tentacled monstrosity tentacle-slaps you but does no damage.
The death cob completely misses you.
You begin to dig a shaft.
You continue digging a shaft.
The death cob is stunned by your will and fails to attack.
The death cob barely misses you.
The quicksilver dragon is stunned by your will and fails to attack.
The moth of wrath goads the storm dragon on!
The storm dragon goes berserk!
The moth of wrath goads the quicksilver dragon on!
The quicksilver dragon goes berserk!
The green draconian hits you from afar with a +0 glaive!!
* * * LOW HITPOINT WARNING * * *
The quicksilver dragon bites you!!
You die...

Notes
Turn   | Place    | Note
-------+----------+-------------------------------------------
     0 | D:1      | bmfx the Formicid Conjurer began the quest for the Orb.
     0 | D:1      | Reached XP level 1. HP: 13/13 MP: 3/3
   259 | D:1      | Reached XP level 2. HP: 19/19 MP: 1/5
   263 | D:1      | Learned a level 2 spell: Searing Ray
  1011 | D:1      | Reached XP level 3. HP: 23/24 MP: 0/7
  1782 | D:2      | Reached XP level 4. HP: 30/30 MP: 5/9
  1850 | D:2      | Noticed Sigmund
  2229 | D:1      | Learned a level 4 spell: Fulminant Prism
  2423 | D:3      | Found a hazy altar of Hepliaklqana.
  2426 | D:3      | Reached skill level 1 in Hexes
  2613 | D:3      | Reached XP level 5. HP: 35/35 MP: 7/11
  3421 | D:4      | Noticed an ogre
  3426 | D:4      | Noticed Ijyb
  3438 | D:4      | Killed an ogre
  3438 | D:4      | Reached XP level 6. HP: 41/41 MP: 5/12
  3534 | D:5      | Entered Level 5 of the Dungeon
  3595 | D:5      | Noticed Eustachio
  4052 | D:5      | Reached skill level 5 in Conjurations
  4197 | D:5      | Reached XP level 7. HP: 45/46 MP: 8/13
  4380 | D:5      | Found an iron altar of Okawaru.
  4467 | D:5      | Found a shattered altar of Ashenzari.
  5156 | D:4      | Reached XP level 8. HP: 52/52 MP: 11/14
  5281 | D:6      | Found a staircase to the Ecumenical Temple.
  5289 | Temple   | Entered the Ecumenical Temple
  5403 | Temple   | Became a worshipper of Ru the Awakened
  5696 | D:6      | Reached skill level 1 in Evocations
  6245 | D:6      | Found a burning altar of Makhleb.
  6413 | D:6      | Reached skill level 5 in Evocations
  6417 | D:6      | Reached skill level 1 in Fighting
  6417 | D:6      | Reached XP level 9. HP: 44/59 MP: 6/15
  6667 | D:7      | Found Paifooco's Armour Shoppe.
  6833 | D:7      | Bought a +0 pair of boots for 67 gold pieces
  6833 | D:7      | Bought a +0 ring mail of cold resistance for 165 gold
                  | pieces
  6922 | D:7      | Found an opulent altar of Gozag.
  6953 | D:7      | Noticed a cyclops
  7198 | D:7      | Killed a cyclops
  7198 | D:7      | Reached skill level 5 in Spellcasting
  7334 | D:7      | Found Moriag's Food Shoppe.
  7353 | D:7      | Noticed Pikel
  7373 | D:7      | Killed Pikel
  7373 | D:7      | Reached skill level 5 in Fighting
  7607 | D:7      | Reached XP level 10. HP: 69/74 MP: 10/19
  7776 | D:7      | Found Cofegil's Antique Armour Boutique.
  7782 | D:7      | You fall into a shaft and drop 1 floor!
  8057 | D:8      | Reached skill level 10 in Conjurations
  8108 | D:8      | Gained mutation: You are somewhat inexperienced. (-2 XL)
                  | [Ru sacrifice]
  8108 | D:8      | Reached XP level 9. HP: 68/68 MP: 16/18
  8108 | D:8      | Reached XP level 8. HP: 62/62 MP: 16/17
  8108 | D:8      | Reached * piety under Ru
  8108 | D:8      | Reached ** piety under Ru
  8137 | D:8      | Noticed Prince Ribbit
  8144 | D:8      | Killed Prince Ribbit
  8595 | D:8      | Reached XP level 9. HP: 68/68 MP: 13/18
  9133 | D:8      | Noticed a hippogriff
  9139 | D:8      | Killed a hippogriff
  9357 | D:7      | Found Badump's Jewellery Boutique.
  9506 | D:7      | Bought a wizard robe for 131 gold pieces
  9516 | D:7      | Identified the +2 robe of Autumn {rF+ rCorr Str+4 Int+3}
                  | (You bought it in a shop on level 7 of the Dungeon)
  9712 | D:7      | Reached XP level 10. HP: 68/74 MP: 2/19
  9918 | D:2      | Killed Sigmund
 10064 | D:4      | Killed Ijyb
 10067 | D:4      | Gained mutation: You cannot study or cast Poison magic. [Ru
                  | sacrifice]
 10067 | D:4      | Gained mutation: You cannot study or cast Necromancy magic.
                  | [Ru sacrifice]
 10067 | D:4      | Gained mutation: You cannot study or cast Summoning magic.
                  | [Ru sacrifice]
 10067 | D:4      | Reached *** piety under Ru
 10298 | D:4      | Reached skill level 5 in Dodging
 10717 | D:5      | Killed Eustachio
 10813 | D:5      | Found an opulent altar of Gozag.
 10818 | D:5      | Found a snail-covered altar of Cheibriados.
 10818 | D:5      | Found a radiant altar of Vehumet.
 10964 | D:7      | Learned a level 4 spell: Iskenderun's Mystic Blast
 11630 | D:9      | Noticed a two-headed ogre
 11632 | D:9      | Noticed a two-headed ogre
 11634 | D:9      | Killed a two-headed ogre
 11637 | D:9      | Killed a two-headed ogre
 11656 | D:9      | Reached XP level 11. HP: 72/79 MP: 8/20
 12117 | D:9      | Found a runed translucent gate.
 12117 | D:9      | Found a runed translucent gate.
 12117 | D:9      | Found a runed translucent gate.
 12121 | D:9      | Found an opulent altar of Gozag.
 12121 | D:9      | Noticed a purple ugly thing
 12123 | D:9      | Noticed bmj180's ghost (journeyman DrCj)
 12653 | D:10     | Entered Level 10 of the Dungeon
 12653 | D:10     | Noticed a two-headed ogre
 12659 | D:10     | Killed a two-headed ogre
 12753 | D:10     | Noticed an orb spider
 12753 | D:10     | a hornet changed into an orb spider
 12762 | D:10     | Killed an orb spider
 12857 | D:10     | Noticed an unseen horror
 12861 | D:10     | Killed an unseen horror
 13532 | D:10     | Found a staircase to the Lair.
 14008 | D:11     | Found a frozen archway.
 14017 | IceCv    | Entered an ice cave
 14658 | IceCv    | Reached XP level 12. HP: 92/92 MP: 5/24
 15337 | IceCv    | Noticed a frost giant
 15625 | D:11     | Reached skill level 10 in Fighting
 16263 | Lair:1   | Entered Level 1 of the Lair of Beasts
 16292 | Lair:1   | Noticed a six-headed hydra
 16405 | Lair:1   | Killed a six-headed hydra
 16657 | Lair:1   | Reached skill level 10 in Spellcasting
 16763 | Lair:1   | Found an ornate altar of the Wu Jian Council.
 16773 | Lair:1   | Identified Sif Muna's Catalogue of Companions and Aid
 16858 | Lair:1   | Noticed Urug
 16876 | Lair:1   | Killed Urug
 16961 | Lair:1   | Noticed an eight-headed hydra
 17514 | Lair:2   | Reached XP level 13. HP: 103/103 MP: 18/27
 17759 | D:7      | Bought an uncursed ring of magical power for 280 gold
                  | pieces
 18094 | Lair:2   | Reached skill level 10 in Evocations
 18094 | Lair:2   | Reached skill level 1 in Shields
 18380 | Lair:2   | Reached skill level 5 in Shields
 18563 | Lair:2   | Found a staircase to the Shoals.
 19694 | Lair:3   | Learned a level 5 spell: Fireball
 19827 | Lair:3   | Gained mutation: You cannot be stealthy. [Ru sacrifice]
 19915 | Lair:3   | Reached skill level 1 in Fire Magic
 20934 | Lair:4   | Found a hole to the Spider Nest.
 21632 | Lair:4   | Reached XP level 14. HP: 83/110 MP: 21/28
 21782 | Lair:4   | Gained mutation: Your cowardice makes you less effective in
                  | combat with threatening monsters. [Ru sacrifice]
 21782 | Lair:4   | Reached **** piety under Ru
 21782 | Lair:4   | Reached ***** piety under Ru
 22353 | Lair:5   | Reached skill level 10 in Shields
 22761 | Lair:5   | Reached skill level 5 in Fire Magic
 24008 | Lair:6   | Entered Level 6 of the Lair of Beasts
 24531 | Lair:6   | p0werm0de: dang br0 iz lat
 24531 | Lair:6   | p0werm0de: e
 24554 | Lair:5   | bmfx: i slept during the day, my normal sleep schedule is
                  | broken :/
 24933 | Lair:6   | p0werm0de: same
 24967 | Lair:6   | p0werm0de: but u 1 hr later
 26888 | Lair:6   | Reached XP level 15. HP: 115/115 MP: 13/30
 27571 | Lair:6   | Found a staircase to the Slime Pits.
 28054 | Lair:2   | Got a fine flail
 28055 | Lair:2   | Identified the cursed +3 flail of Qoumusom {holy, rF- rN+
                  | SInv} (You found it on level 2 of the Lair of Beasts)
 28696 | D:12     | Noticed Azrael
 28701 | D:12     | Killed Azrael
 28899 | D:12     | Noticed Erolcha
 28902 | D:12     | Killed Erolcha
 29046 | D:12     | p0werm0de: sneaky !!
 29047 | D:12     | p0werm0de: :D
 29047 | D:12     | p0werm0de: ♥
 29048 | D:12     | p0werm0de: ill try now
 29049 | D:12     | p0werm0de: sleepin i mean
 29050 | D:12     | p0werm0de: GL !!
 29050 | D:12     | bmfx: gn
 29821 | D:12     | Gained mutation: Your casting is slightly disrupted. [Ru
                  | sacrifice]
 29821 | D:12     | Reached ****** piety under Ru
 30141 | D:12     | Noticed Josephine
 30147 | D:12     | Killed Josephine
 30148 | D:12     | Found a staircase to the Orcish Mines.
 31249 | D:13     | Noticed a storm dragon
 31255 | D:13     | Killed a storm dragon
 32040 | D:13     | Found Yrerrout's Gadget Boutique.
 32045 | D:13     | Bought a wand of iceblast (6) for 150 gold pieces
 32697 | D:14     | Noticed Rupert
 33263 | D:14     | Killed Rupert
 33263 | D:14     | Reached XP level 16. HP: 99/122 MP: 6/32
 33838 | D:14     | Found a gate to the Vaults.
 34286 | D:14     | Found a snail-covered altar of Cheibriados.
 34700 | D:15     | Entered Level 15 of the Dungeon
 34924 | D:15     | Noticed Kirke
 34929 | D:15     | Killed Kirke
 35126 | D:15     | Reached skill level 5 in Short Blades
 35795 | D:15     | Found a staircase to the Depths.
 36346 | D:14     | Reached skill level 15 in Conjurations
 36410 | Orc:1    | Entered Level 1 of the Orcish Mines
 36815 | Orc:1    | Found a roughly hewn altar of Beogh.
 36837 | Orc:1    | Found Tagaant's Armour Shoppe.
 37013 | Orc:2    | Entered Level 2 of the Orcish Mines
 38433 | Orc:2    | Found a staircase to the Elven Halls.
 38792 | Orc:2    | Found Kyqika's Antique Weapon Emporium.
 38792 | Orc:2    | Found Joageant's Distillery.
 38794 | Orc:2    | Found Kaohuc's Distillery.
 38796 | Orc:2    | Found Buridali's Jewellery Shoppe.
 38801 | Orc:2    | Bought a potion of lignification for 51 gold pieces
 38808 | Orc:2    | Bought a +6 ring of intelligence for 643 gold pieces
 38808 | Orc:2    | Bought the amulet of Vitality {Regen+ HP+15} for 869 gold
                  | pieces
 38808 | Orc:2    | Found the amulet of Vitality {Regen+ HP+15}
 39091 | Orc:2    | Bought a potion of heal wounds for 70 gold pieces
 39091 | Orc:2    | Bought a potion of heal wounds for 70 gold pieces
 39091 | Orc:2    | Bought a potion of curing for 42 gold pieces
 39339 | Spider:1 | Entered Level 1 of the Spider Nest
 39649 | Spider:1 | Learned a level 4 spell: Sticky Flame
 40530 | Spider:1 | Identified the +4 battleaxe of the Slashing Oracle {flame,
                  | *Drain rF++} (You found it on level 1 of the Spider Nest)
 40875 | Spider:1 | Reached XP level 17. HP: 128/128 MP: 28/33
 41262 | Shoals:1 | Entered Level 1 of the Shoals
 41267 | Shoals:1 | Noticed Aizul
 41274 | Shoals:1 | Killed Aizul
 41827 | Shoals:1 | Noticed Jorgrun
 41874 | Shoals:1 | Killed Jorgrun
 42184 | Shoals:1 | Noticed Nikola
 42308 | Shoals:1 | Killed Nikola
 42308 | Shoals:1 | Reached skill level 10 in Short Blades
 42586 | Shoals:1 | Noticed a kraken
 44056 | Shoals:2 | Found a sparkling altar of Nemelex Xobeh.
 45022 | Shoals:3 | Found Xaqeamm's Weapon Boutique.
 45364 | Shoals:3 | Reached skill level 15 in Spellcasting
 46006 | Shoals:3 | Reached XP level 18. HP: 136/136 MP: 28/37
 46749 | Shoals:4 | Entered Level 4 of the Shoals
 46756 | Shoals:4 | Noticed Louise
 46761 | Shoals:4 | Killed Louise
 47135 | Shoals:4 | Noticed Mara
 47147 | Shoals:4 | Noticed bmfx's illusion
 47406 | Orc:2    | Bought an uncursed ring of protection from magic for 275
                  | gold pieces
 47428 | Elf:1    | Entered Level 1 of the Elven Halls
 47710 | Elf:1    | Found a runed translucent gate.
 47710 | Elf:1    | Found a runed translucent gate.
 47710 | Elf:1    | Found a runed translucent gate.
 47710 | Elf:1    | Found a runed translucent gate.
 47710 | Elf:1    | Found a runed translucent gate.
 47712 | Elf:1    | Found a runed translucent gate.
 47813 | Elf:1    | Found a gateway to a bazaar.
 47813 | Elf:1    | Identified Roxanne's Grimoire of Changing
 47813 | Elf:1    | Noticed Roxanne
 47820 | Bazaar   | Entered a bazaar
 47903 | Bazaar   | Found Zisuxar's Antique Weapon Boutique.
 47921 | Bazaar   | Found Temacack's Antique Weapon Emporium.
 47938 | Bazaar   | Found Boxuq's Book Boutique.
 47955 | Bazaar   | Found Buiqucro's Armour Shoppe.
 47960 | Bazaar   | Bought a +0 tower shield of protection for 138 gold pieces
 48591 | Elf:1    | Learned a level 4 spell: Airstrike
 48641 | Elf:2    | Reached skill level 1 in Air Magic
 48748 | Elf:2    | Found Koywk's Antique Weapon Boutique.
 48839 | Elf:2    | Reached skill level 2 in Air Magic
 49312 | Elf:2    | Found Nopiarob's Gadget Boutique.
 49316 | Elf:2    | Bought a wand of acid (5) for 198 gold pieces
 49324 | Elf:2    | Found Muem's Food Emporium.
 49333 | Elf:2    | Bought a ration for 65 gold pieces
 49333 | Elf:2    | Bought a ration for 65 gold pieces
 49333 | Elf:2    | Bought a ration for 65 gold pieces
 49333 | Elf:2    | Bought a ration for 65 gold pieces
 49333 | Elf:2    | Bought a ration for 65 gold pieces
 49527 | Elf:2    | Reached skill level 3 in Air Magic
 49546 | Elf:2    | Found a huge runed translucent gate.
 49546 | Elf:2    | Found a huge runed translucent gate.
 49546 | Elf:2    | Found a huge runed translucent gate.
 49547 | Elf:2    | Found a huge runed translucent gate.
 49548 | Elf:2    | Found a huge runed translucent gate.
 49826 | Elf:2    | Learned a level 5 spell: Lightning Bolt
 49831 | Elf:2    | Reached skill level 4 in Air Magic
 50309 | Elf:2    | Reached skill level 5 in Air Magic
 50312 | Elf:2    | Noticed a deep elf blademaster
 50318 | Elf:2    | Noticed Donald
 50321 | Elf:2    | Killed a deep elf blademaster
 50342 | Elf:2    | Killed Donald
 50342 | Elf:2    | Reached skill level 6 in Air Magic
 51084 | Elf:3    | Entered Level 3 of the Elven Halls
 51088 | Elf:3    | Reached skill level 7 in Air Magic
 51231 | Elf:3    | Reached XP level 19. HP: 145/145 MP: 27/38
 51405 | Elf:3    | Identified Guoh's Volume of Entrancing Stolen Souls
 51783 | Elf:3    | Got a twisted leather armour
 51794 | Elf:3    | Identified the +2 leather armour of Parts Unknown {rElec
                  | Str+2} (You found it on level 3 of the Elven Halls)
 51972 | Elf:3    | Noticed a deep elf blademaster
 51974 | Elf:3    | Reached skill level 8 in Air Magic
 51975 | Elf:3    | Noticed a deep elf blademaster
 51976 | Elf:3    | Killed a deep elf blademaster
 52003 | Elf:3    | Killed a deep elf blademaster
 53378 | Elf:3    | Identified the +2 robe of Qazlal's Regard {Regen+ Int+5}
 53378 | Elf:3    | Identified the ring "Pirghukh" {*Tele rElec rF+ Int-3}
 53618 | Elf:3    | Identified the +10 broad axe "Grom" {vorpal, Int+4}
 54194 | Elf:3    | Got a distressingly furry scale mail
 54238 | Elf:3    | Identified the Guide on Talismans and Flight
 54240 | Elf:3    | Identified the Compendium of the Congealing Oath
 54409 | Elf:3    | Identified the +2 scale mail of Voru {rElec} (You found it
                  | on level 3 of the Elven Halls)
 54435 | Elf:3    | Got an encrusted short sword
 54436 | Elf:3    | Identified the cursed +2 short sword "Gaonueh" {freeze,
                  | Dex+5} (You found it on level 3 of the Elven Halls)
 54440 | Elf:3    | Got a shimmering great sword
 54441 | Elf:3    | Identified the +1 great sword "Girchoss" {freeze, +Rage
                  | rC+} (You found it on level 3 of the Elven Halls)
 57074 | Spider:3 | Identified the +5 dagger of the Leaping Salmon {vorpal,
                  | MR++} (You found it on level 3 of the Spider Nest)
 57329 | Spider:3 | Noticed Agnes
 57333 | Spider:3 | Killed Agnes
 57333 | Spider:3 | Reached XP level 20. HP: 160/160 MP: 21/39
 57570 | Spider:4 | Entered Level 4 of the Spider Nest
 59574 | Spider:4 | Learned a level 7 spell: Orb of Destruction
 59928 | Spider:4 | Got a gossamer rune of Zot
 60296 | Vaults:1 | Entered Level 1 of the Vaults
 63713 | Vaults:2 | Reached XP level 21. HP: 166/166 MP: 33/40
 64089 | Vaults:2 | Got a crude chain mail
 66424 | Vaults:3 | Noticed a bone dragon
 66439 | Vaults:3 | Killed a bone dragon
 67220 | Vaults:3 | Reached skill level 15 in Shields
 68899 | Vaults:3 | Found a staircase to the Crypt.
 69083 | Vaults:4 | Found a flickering gateway to a bazaar.
 69094 | Bazaar   | Entered a bazaar
 69146 | Bazaar   | Found Capt's Jewellery Emporium.
 69146 | Bazaar   | Found Puneusoe's Book Shoppe.
 69855 | Vaults:4 | Reached XP level 22. HP: 161/173 MP: 26/41
 70238 | Vaults:4 | Got a fine steel ring
 70239 | Vaults:4 | Identified the ring of Goatzohy {Wiz rN+ MP+9} (You found
                  | it on level 4 of the Vaults)
 72048 | D:7      | Bought a pair of glowing boots for 172 gold pieces
 72079 | D:7      | Learned a level 9 spell: Tornado
 72287 | Depths:1 | Entered Level 1 of the Depths
 72871 | Depths:1 | Noticed a golden dragon
 72896 | Depths:1 | You fall into a shaft and drop 1 floor!
 72919 | Depths:2 | Found a one-way gate to the infinite horrors of the Abyss.
 73188 | Depths:2 | Found a magical portal.
 73256 | WizLab   | Found the +9 staff of Wucad Mu {channel}
 73294 | WizLab   | Reached skill level 9 in Air Magic
 73294 | WizLab   | Reached XP level 23. HP: 179/179 MP: 42/42
 74215 | Depths:2 | Reached skill level 10 in Air Magic
 75152 | Depths:2 | Found a gateway to Hell.
 75757 | Depths:1 | Reached XP level 24. HP: 187/187 MP: 10/42
 75888 | Depths:1 | Found a glowing golden altar of the Shining One.
 75985 | Depths:1 | Reached skill level 11 in Air Magic
 76282 | Depths:1 | Identified the +10 dagger of Kindness {freeze, +Rage}
 76477 | Depths:1 | Found a portal to a secret trove of treasure.
 76627 | Depths:1 | Identified Sif Muna's Tome of Supportive Feathers
 76636 | Depths:1 | Learned a level 6 spell: Freezing Cloud
 77239 | Depths:1 | Found a portal to a secret trove of treasure.
 77265 | Depths:1 | Found a glowing golden altar of the Shining One.
 77671 | Depths:3 | Noticed a golden dragon
 77960 | Depths:3 | Identified the ring of Incredulity {*Tele MR+ Dex+4}
 78256 | Depths:3 | Noticed Jory
 78366 | Depths:3 | Noticed Asterion
 78823 | Orc:2    | Bought the ring of Xom's Wantonness {rPois rC+ MR- Int+4}
                  | for 444 gold pieces
 79129 | Depths:3 | Killed Jory
 79129 | Depths:3 | Reached skill level 12 in Air Magic
 79516 | Depths:3 | Killed a golden dragon
 79869 | Depths:3 | Noticed Boris
 80068 | Depths:3 | Gained mutation: You are frail. (-10% HP) [a neqoxec]
 80074 | Depths:3 | Killed Asterion
 80318 | Depths:3 | Found a one-way gate leading to the halls of Pandemonium.
 80370 | Depths:3 | Killed Boris
 81035 | Depths:4 | Reached XP level 25. HP: 156/173 MP: 4/42
 81362 | Depths:3 | Reached skill level 15 in Evocations
 81443 | Depths:4 | Reached skill level 13 in Air Magic
 82254 | Depths:4 | Noticed a caustic shrike
 82254 | Depths:4 | Noticed a caustic shrike
 82257 | Depths:4 | Killed a caustic shrike
 82261 | Depths:4 | Killed a caustic shrike
 82262 | Depths:4 | Noticed a caustic shrike
 82292 | Depths:4 | Killed a caustic shrike
 82301 | Depths:4 | Noticed Boris
 82516 | Depths:4 | Noticed a caustic shrike
 82677 | Depths:4 | Killed a caustic shrike
 83008 | Depths:4 | Identified the +10 rapier "Cerody" {protect, rPois rC+ MR+
                  | Str+2}
 83308 | Depths:4 | Identified the +8 scythe "Bydd" {protect, rN+ Int+4}
 83828 | Depths:4 | Reached skill level 14 in Air Magic
 84237 | Depths:4 | Killed Boris
 85018 | Depths:5 | Entered Level 5 of the Depths
 85018 | Depths:5 | Identified a scroll of acquirement
 85913 | Depths:5 | Found a gate to the Realm of Zot.
 85926 | Depths:5 | Reached skill level 15 in Air Magic
 87929 | Depths:5 | Found a gateway to a ziggurat.
 88141 | Depths:4 | Learned a level 1 spell: Apportation
 88384 | D:9      | Killed bmj180's ghost
 88384 | D:9      | Reached skill level 16 in Air Magic
 88815 | Shoals:4 | Identified the +7 dagger of Ru's Pride {freeze, Str+2}
 89629 | Shoals:4 | Got a barnacled rune of Zot
 89804 | Shoals:4 | Noticed bmfx's illusion
 89807 | Shoals:4 | Killed Mara
 90036 | Shoals:4 | Identified the Papyrus of Displaced Clay
 90807 | Crypt:1  | Entered Level 1 of the Crypt
 91013 | Crypt:1  | Reached skill level 17 in Air Magic
 92305 | Crypt:1  | Identified the amulet "Seisk" {RegenMP Int+2 SInv}
 93355 | Crypt:2  | Reached skill level 18 in Air Magic
 94907 | Crypt:3  | Entered Level 3 of the Crypt
 95423 | Crypt:3  | Identified Attudwio's Papyrus of Evil Magic
 95900 | Crypt:3  | Reached skill level 19 in Air Magic
 97090 | Crypt:3  | Noticed an ancient lich
 97095 | Crypt:3  | Killed an ancient lich
 97183 | Crypt:3  | Found a staircase to the Tomb.
 97200 | Crypt:3  | Identified the amulet of Insomnia {Spirit Int+4} (You found
                  | it on level 3 of the Crypt)
 97890 | Hell     | Entered the Vestibule of Hell
 97890 | Hell     | Noticed Geryon
 97900 | Hell     | Killed Geryon
 98294 | Hell     | Reached skill level 20 in Air Magic
 99134 | Hell     | Found a gateway to the ashen valley of Gehenna.
 99215 | Hell     | Found a gateway to the Iron City of Dis.
 99341 | Hell     | Found a gateway to the freezing wastes of Cocytus.
 99470 | Hell     | Found a gateway to the decaying netherworld of Tartarus.
 99805 | Vaults:5 | Entered Level 5 of the Vaults
100024 | Vaults:5 | Reached skill level 21 in Air Magic
100892 | Vaults:5 | Cast into level 2 of the Abyss (a deep elf sorcerer)
100905 | Abyss:2  | Found a corrupted altar of Lugonu.
101358 | Vaults:5 | Escaped the Abyss
101889 | Vaults:5 | Identified the +8 scimitar of Beod {flame, rElec rC+}
101893 | Vaults:5 | Reached skill level 22 in Air Magic
103121 | Depths:1 | You paid a toll of 2 scrolls of acquirement to enter a
                  | treasure trove
103122 | Trove    | Entered a treasure trove
103135 | Trove    | Identified Sif Muna's Volume of Enthralling Attacks
103164 | Trove    | Identified Sif Muna's Guide on Earth
103167 | Trove    | Identified Sif Muna's Almanac of Cobwebs
103302 | Depths:4 | Learned a level 8 spell: Chain Lightning
103921 | Vaults:5 | Got a silver rune of Zot
103929 | Vaults:5 | Identified Keumih's Tome of the Torrid Rocks
103989 | Vaults:5 | Identified the +4 plate armour of Cacu {rPois Int+4 Slay+2
                  | Stlth-} (You found it on level 5 of the Vaults)
104119 | Vaults:5 | Identified the +8 battleaxe "Meliu" {speed, Dex+4}
104407 | Vaults:5 | Identified the cursed -5 buckler of Makhleb's Displeasure
                  | {Regen+ rCorr} (You found it on level 5 of the Vaults)
104633 | Vaults:5 | Got a steaming tin amulet
104634 | Vaults:5 | Identified the amulet "Qeuhet Zaty" {Acrobat rF+ rN+} (You
                  | found it on level 5 of the Vaults)
105117 | Elf:2    | Bought a ration for 65 gold pieces
105117 | Elf:2    | Bought a ration for 65 gold pieces
105117 | Elf:2    | Bought a ration for 65 gold pieces
105117 | Elf:2    | Bought a ration for 65 gold pieces
105447 | D:7      | Bought a ration for 55 gold pieces
105447 | D:7      | Bought a ration for 55 gold pieces
105447 | D:7      | Bought a ration for 55 gold pieces
105447 | D:7      | Bought a ration for 55 gold pieces
105447 | D:7      | Bought a ration for 55 gold pieces
105447 | D:7      | Bought a ration for 55 gold pieces
105447 | D:7      | Bought a ration for 55 gold pieces
105447 | D:7      | Bought a ration for 55 gold pieces
105447 | D:7      | Bought a ration for 55 gold pieces
105447 | D:7      | Bought a ration for 55 gold pieces
105447 | D:7      | Bought a ration for 55 gold pieces
105447 | D:7      | Bought a ration for 55 gold pieces
105687 | Orc:2    | Bought a potion of magic for 112 gold pieces
105687 | Orc:2    | Bought a potion of heal wounds for 70 gold pieces
105687 | Orc:2    | Bought a potion of might for 56 gold pieces
105687 | Orc:2    | Bought a potion of might for 56 gold pieces
105689 | Orc:2    | Bought 2 potions of brilliance for 136 gold pieces
105689 | Orc:2    | Bought a potion of curing for 51 gold pieces
105689 | Orc:2    | Bought a potion of cancellation for 136 gold pieces
105939 | Zot:1    | Entered Level 1 of the Realm of Zot
105939 | Zot:1    | Noticed a curse toe
105939 | Zot:1    | Noticed an orb of fire
105944 | Zot:1    | Slain by a quicksilver dragon
